 Dungeon Crawl Stone Soup version 0.19.3-1-g3169bf9 (webtiles) character file.

276 OrDronus the Vexing (level 6, -1/41 HPs)
             Began as a Vampire Enchanter on Jan 23, 2017.
             Slain by a big kobold zombie (4 damage)
             ... in an ossuary on Jan 24, 2017.
             The game lasted 00:27:44 (5191 turns).

OrDronus the Vexing (Vampire Enchanter)             Turns: 5191, Time: 00:27:44

Health: -1/41      AC:  3    Str:  7    XL:     6   Next: 4%
Magic:  3/10       EV: 13    Int: 18    God:
Gold:   247        SH:  0    Dex: 16    Spells: 4 memorised, 1 level left

rFire  . . .     SeeInvis +     a - +1 dagger
rCold  . . .     Gourm    .     b - +1 robe
rNeg   + . .     Faith    .     (no shield)
rPois  .         Spirit   .     (no helmet)
rElec  .         Reflect  .     (no cloak)
rCorr  .         Harm     .     (no gloves)
MR     .....                    (no boots)
Stlth  +++.......               (no amulet)
                                (no ring)
                                (no ring)

@: no status effects
A: fangs 3, see invisible, unbreathing
a: Bat Form


You were in an ossuary.
You were not thirsty.

You visited 1 branch of the dungeon, and saw 4 of its levels.
You also visited: Ossuary.

You collected 247 gold pieces.

Inventory:

Hand Weapons
 a - a +1 dagger (weapon)
Armour
 b - a +1 robe (worn)
 i - a +0 pair of gloves
 v - a +0 cloak
Jewellery
 e - an uncursed ring of resist corrosion {unknown}
 g - an uncursed amulet of faith {unknown}
Scrolls
 f - 4 scrolls of identify {unknown}
 h - 2 scrolls of remove curse {unknown}
 l - 3 scrolls of teleportation {unknown}
 m - 2 scrolls of recharging {unknown}
 q - a scroll of blinking {unknown}
 s - a scroll of magic mapping {unknown}
 u - a scroll of fog {unknown}
Potions
 k - a potion of brilliance
 n - a potion of berserk rage {unknown}
 o - a potion of heal wounds {unknown}
 r - a potion of mutation {unknown}
 w - a potion of magic {unknown}
Books
 c - a book of Maledictions

   Spells                             Type                      Level
   a - Corona                         Hexes                        1
   b - Ensorcelled Hibernation        Hexes/Ice                    2
   c - Confuse                        Hexes                        3
   d - Tukima's Dance                 Hexes                        3
   e - Dazzling Spray                 Conjuration/Hexes            3
 p - a book of Cantrips

   Spells                             Type                      Level
   a - Confusing Touch                Hexes                        1
   b - Animate Skeleton               Necromancy                   1
   c - Summon Small Mammal            Summoning                    1
   d - Apportation                    Translocation                1
 t - a book of Misfortune

   Spells                             Type                      Level
   a - Confusing Touch                Hexes                        1
   b - Confuse                        Hexes                        3
   c - Gell's Gravitas                Hexes/Translocation          3
   d - Petrify                        Transmutation/Earth          4
   e - Metabolic Englaciation         Hexes/Ice                    5
   f - Yara's Violent Unravelling     Hexes/Transmutation          5


   Skills:
 * Level 3.5 Short Blades
 + Level 3.1 Dodging
 + Level 5.6 Stealth
 + Level 2.8 Spellcasting
 * Level 6.6 Hexes


You had one spell level left.
You knew the following spells:

 Your Spells              Type           Power        Failure   Level  Hunger
a - Corona                Hex            ####...      1%          1    None
b - Ensorcelled Hibernat  Hex/Ice        ##....       8%          2    ##.....
c - Confuse               Hex            ####....     3%          3    ###....
d - Tukima's Dance        Hex            ####....     3%          3    ###....


Dungeon Overview and Level Annotations

Branches:
Dungeon (4/15)
 Temple: D:4-7

Altars:
Ashenzari

Annotations:
D:2 Sigmund
D:3 1 runed door, exclusion: door


Innate Abilities, Weirdness & Mutations

You have razor-sharp teeth.
You have supernaturally acute eyesight. (SInv)
You can survive without breathing.


Message History

The mummy is almost destroyed.
The mummy seems less confused.
The big kobold zombie hits you.
* * * LOW HITPOINT WARNING * * *
The big kobold zombie hits you.
* * * LOW HITPOINT WARNING * * *
Casting: Confuse
Confirm with . or Enter, or press ? or * to list all spells.
Aiming: Confuse
Press: ? - help, Shift-Dir - straight line, f - big kobold zombie, p - mummy
Aim: a big kobold zombie (lightly damaged, chance to defeat MR: 67%)
The big kobold zombie struggles to resist.
The big kobold zombie barely misses you.
Okay, then.
You fail to use your ability.
The big kobold zombie hits you.
* * * LOW HITPOINT WARNING * * *
The big kobold zombie hits you but does no damage.
There is a gate leading back out of this place here.
The big kobold zombie hits you.
You die...

##....##
#....#
#....#
#....#
#....#
#....#
#.M..#
#.Z..#
#.@∩.#
######


You could see a mummy and a big kobold zombie.

Vanquished Creatures
  Jessica (D:3)
  A worker ant (D:3)
  6 mummies
  5 adders
  An ooze (D:3)
  3 worms
  12 dart slugs
  A leopard gecko (D:4)
  An orc (D:4)
  7 bats
  3 giant cockroaches
  A gnoll zombie (Ossuary)
  8 goblins
  3 hobgoblins
  3 jackals (D:2)
  6 kobolds
  A quokka (D:3)
  A ball python (D:2)
  2 frilled lizards
  2 hobgoblin zombies (Ossuary)
  A kobold zombie (Ossuary)
  3 orc zombies (Ossuary)
  5 rats
77 creatures vanquished.

Notes
Turn   | Place    | Note
-------+----------+-------------------------------------------
     0 | D:1      | OrDronus the Vampire Enchanter began the quest for the Orb.
     0 | D:1      | Reached XP level 1. HP: 13/13 MP: 3/3
   544 | D:1      | Reached XP level 2. HP: 18/19 MP: 3/5
   625 | D:1      | Found a shattered altar of Ashenzari.
  1544 | D:2      | Learned a level 2 spell: Ensorcelled Hibernation
  1734 | D:2      | Noticed Sigmund
  1770 | D:1      | Reached skill level 5 in Stealth
  1770 | D:1      | Reached skill level 5 in Hexes
  1770 | D:1      | Reached XP level 3. HP: 16/24 MP: 0/6
  2447 | D:3      | Learned a level 3 spell: Confuse
  2490 | D:3      | Found a runed door.
  2577 | D:3      | Reached XP level 4. HP: 11/30 MP: 4/7
  3153 | D:3      | Noticed Jessica
  3164 | D:3      | Killed Jessica
  3966 | D:3      | Reached XP level 5. HP: 35/35 MP: 1/8
  4187 | D:3      | Reached skill level 6 in Hexes
  4459 | D:4      | Learned a level 3 spell: Tukima's Dance
  4630 | D:4      | Found a sand-covered staircase.
  4733 | Ossuary  | Entered an ossuary
  5175 | Ossuary  | Reached XP level 6. HP: 11/41 MP: 4/10
  5191 | Ossuary  | Slain by a big kobold zombie

Skill      XL: |  1  2  3  4  5 |
---------------+----------------+-----
Stealth        | 5 |  5.6
Hexes          | 5 6 |  6.6
Short Blades   | 2 3 |  3.5
Dodging        | 3 |  3.1
Spellcasting   | |  2.8

Action                   |  1- 3 |  4- 6 || total
-------------------------+-------+-------++-------
Melee: Dagger            |   133 |   154 ||   287
       Bite              |     6 |    14 ||    20
       Unarmed           |       |    22 ||    22
 Cast: Corona            |    43 |    27 ||    70
       Ensorcelled Hiber |     7 |    16 ||    23
       Confuse           |       |    15 ||    15
 Abil: End Transformatio |       |     4 ||     4
       Bat Form          |       |     4 ||     4
  Use: Potion            |    10 |    14 ||    24
 Stab: Sleeping          |     8 |    12 ||    20
       Invisible         |     1 |       ||     1
       Confused          |       |     6 ||     6
Armor: Robe              |    27 |    37 ||    64
Dodge: Dodged            |   117 |   121 ||   238
